 Dungeon Crawl Stone Soup version 0.22-a0-619-ga0c6fd2 (webtiles) character file.

2 Amnesiac the Magician (level 1, 0/13 HPs)
             Began as a Mummy Earth Elementalist on July 14, 2018.
             Slain by Grinder (9 damage)
             ... while paralysed by Grinder
             ... on level 3 of the Dungeon.
             The game lasted 00:01:06 (178 turns).

Amnesiac the Magician (Mummy Earth Elementalist)     Turns: 178, Time: 00:01:06

Health: 0/13       AC:  2    Str: 11    XL:     1   Next: 33%
Magic:  4/4        EV:  2    Int: 14    God:
Gold:   0          SH:  0    Dex: 12    Spells: 4/5 levels left

rFire    x . .     SeeInvis .   a - +0 dagger
rCold    + . .     Gourm    .   (no shield)
rNeg     + + +     Faith    .   c - +0 robe
rPois    ∞         Spirit   .   (no helmet)
rElec    .         Reflect  .   (no cloak)
rCorr    .         Harm     .   (no gloves)
MR       .....                  (no boots)
Stlth    ++........             (no amulet)
HPRegen  0.04/turn              d - ring of wizardry
MPRegen  0.09/turn              (no ring)

@: paralysed
A: no food or potions, fire vulnerability, cold resistance 1, negative energy
resistance 3, torment resistance, unbreathing
a: no special abilities


You were on level 3 of the Dungeon.
You were not hungry.

You visited 1 branch of the dungeon, and saw 4 of its levels.

Inventory:

Hand Weapons
 a - a +0 dagger (weapon)
Missiles
 b - 82 stones (quivered)
Armour
 c - a +0 robe (worn)
Jewellery
 d - a ring of wizardry (left hand)
Scrolls
 e - a scroll of enchant armour {!r, unknown}


   Skills:
 + Level 0.0 Short Blades
 - Level 1.5 Dodging
 - Level 1.5 Stealth
 - Level 2.6 Spellcasting
   Level 0.7 Transmutations
 - Level 2.6 Earth Magic


You had 4 spell levels left.
You knew the following spells:

 Your Spells              Type           Power        Failure   Level  Hunger
a - Sandblast             Erth           #.....       3%          1    N/A

Your spell library contained the following spells:

 Spells                   Type           Power        Failure   Level  Hunger
 Stone Arrow              Conj/Erth      #.....       16%         3    N/A
 Passwall                 Tmut/Erth      #.......     7%          2    N/A
 Lee's Rapid Deconstruct  Erth           #.........   61%         5    N/A
 Petrify                  Tmut/Erth      #.......     38%         4    N/A

Dungeon Overview and Level Annotations

Branches:
Dungeon (4/15)
 Temple: D:4-7

Altars:

Annotations:
D:3 Grinder
D:4 Eustachio


Innate Abilities, Weirdness & Mutations

You do not eat or drink.
Your flesh is vulnerable to fire.
You are immune to poison.
Your flesh is cold resistant. (rC+)
You are immune to negative energy. (rN+++)
You are immune to unholy pain and torment.
You can survive without breathing.


Message History

Found a black potion.
d - a glowing diamond ring Put on which piece of jewellery? (? for menu, Esc to quit)
d - a ring of wizardry (left hand)
e - a scroll labeled DAASIA IM HOMY {!r}
Found a hand axe.
Okay, then.
A goblin comes into view. It is wielding a club.
The helpless goblin fails to defend itself.
You hit the goblin.
You kill the goblin!
Things that are here:
a club; a goblin corpse A rat comes into view.
You closely miss the rat. The rat bites you but does no damage.
You closely miss the rat. The rat bites you but does no damage.
You hit the rat but do no damage. The rat closely misses you.
You barely miss the rat. The rat barely misses you.
You hit the rat.
You kill the rat!
Training target 2.6 for Earth Magic reached!
You need to enable at least one skill for training.
b - 82 stones (gained 23)
You open the door.
There is an open door here.
Found a stone staircase leading down.
There is a stone staircase leading down here.
A ball python comes into view.
A hobgoblin comes into view. It is wielding a club.
The ball python hisses angrily.
The hobgoblin shouts!
Found a ration.
There is a stone staircase leading down here.
You climb downwards.
There is a stone staircase leading up here.
Found a stone staircase leading down.
There is a stone staircase leading down here.
You climb downwards.
An orc and Eustachio come into view.
Eustachio shouts!
Found six items.
Found a stone staircase leading down.
There is a stone staircase leading up here.
Eustachio growls, "To hell with you, honourless miscreant!"
You climb upwards.
There is a stone staircase leading down here.
Found a mace.
Found a robe.
Found a stone staircase leading down.
There is a stone staircase leading down here.
You climb downwards.
Level annotation: Eustachio Grinder comes into view.
Grinder shouts!
You hear an angry hiss.
Found a chain mail and a scroll labeled MOVOAN MUUTIA.
There is a stone staircase leading up here.
Grinder hits you.
You climb upwards.
There is a stone staircase leading down here.
Grinder gestures at you.
You suddenly lose the ability to move!
Grinder hits you but does no damage. Grinder hits you. Grinder hits you!
Ouch! That really hurt!
You die...

#.# #.# #..#####
#.####.######......#
##..........##......#
#.>.................#
#.#####.###.##......#
#.# #.# #.##..>...#
#.# #.###.##..#.#.#
#.# #.##...#..#5#
#.## #....[....@.#
.#.#######...#..###
###.............#
#<########..#.## #.##
#..#.# .. #..#.# #.
#..... #. ##.#.# ..


You could see Grinder.

Vanquished Creatures
  A goblin (D:2)
  A frilled lizard (D:1)
  A rat (D:2)
3 creatures vanquished.

Notes
Turn   | Place    | Note
-------+----------+-------------------------------------------
     0 | D:1      | Amnesiac the Mummy Earth Elementalist began the quest for the Orb.
     0 | D:1      | Reached XP level 1. HP: 13/13 MP: 4/4
   149 | D:4      | Noticed Eustachio
   169 | D:4      | Noticed Grinder
   174 | D:3      | Paralysed by Grinder for 5 turns
   178 | D:3      | Slain by Grinder

Vault maps used:
D:1:      saegor_arrival_simple_b
D:4:      nicolae_dithmenos_through_a_glass_darkly, uniq_robin, uniq_menkaure,
          uniq_ijyb, uniq_eustachio, uniq_grinder, uniq_natasha

Action                   || total
-------------------------++-------
Melee: Unarmed           ||    11
       Dagger            ||     6
 Stab: Sleeping          ||     2
Armor: Robe              ||     5
Dodge: Dodged            ||     9

Table legend:
 A = Spawn XP
 B = Non-spawn XP
 C = Spawn XP percentage of total XP
 D = Spawn monster count
 E = Non-spawn monster count
 F = Spawn count percentage of total count
 G = Total turns spent on level
                    A         B        C        D         E        F      G
               +---------+---------+-------+---------+---------+-------+---------
         Total |       0 |       4 |   0.0 |       0 |       3 |   0.0 |   178
               +---------+---------+-------+---------+---------+-------+---------
           D:1 |       0 |       1 |   0.0 |       0 |       1 |   0.0 |    52
           D:2 |       0 |       3 |   0.0 |       0 |       2 |   0.0 |    87
               +---------+---------+-------+---------+---------+-------+---------
